 Dungeon Crawl Stone Soup version 0.31-a0-1338-gb567cfdca4 (webtiles) character file.

Game seed: 11588988407569583367

15221 jlumianski the Grappler (level 12, -2/92 HPs)
             Began as a Gnoll Shapeshifter on Dec 23, 2023.
             Was an Initiate of Wu Jian.
             Slain by a skeletal warrior
             ... wielding a +0 halberd
              (16 damage)
             ... on level 11 of the Dungeon.
             The game lasted 01:12:27 (12004 turns).

jlumianski the Grappler (Gnoll Shapeshifter)       Turns: 12004, Time: 01:12:27

Health: -2/92      AC: 11    Str: 24    XL:     12   Next: 24%
Magic:  0/23       EV: 14    Int: 16    God:    Wu Jian [......]
Gold:   849        SH: 10    Dex: 14    Spells: 12/25 levels left

rFire   . . .        P - +7 hand axe "Yloidwu" {freeze, Str+3 Dex+2}
rCold   . . .        S - +0 kite shield
rNeg    . . .        f - +5 ring mail of Classification {Regen+ Int+3}
rPois   .            (helmet currently unavailable)
rElec   .            (cloak currently unavailable)
rCorr   .            (gloves currently unavailable)
SInv    .            (boots currently unavailable)
Will    .....        u - amulet of guardian spirit
Stlth   +++          x - +6 ring of strength
HPRegen 1.15/turn    (no ring)
MPRegen 0.18/turn

%: guardian spirit
@: beast-form, marked, on blink cooldown
A: beast (slay +4), fangs 1, strong nose, distributed training
a: Begin Untransformation, Renounce Religion


You were on level 11 of the Dungeon.
You worshipped Wu Jian.
Wu Jian was noncommittal.
You were a hulking beast.
You visited 2 branches of the dungeon, and saw 12 of its levels.
You also visited: Bailey.

You collected 891 gold pieces.
You spent 42 gold pieces at shops.

Inventory:

Hand Weapons
 a - the +3 Elemental Staff {ele, rElec rF+ rC+ AC+3}
   (You took it off a deep elf pyromancer on level 9 of the Dungeon)

   AC+3:      It affects your AC (+3).
   rF+:       It protects you from fire.
   rC+:       It protects you from cold.
   rElec:     It insulates you from electricity.
 J - the +3 spear of Histirae {heavy, Dex+3}
   (You found it on level 6 of the Dungeon)

   Dex+3:     It affects your dexterity (+3).
 P - the +7 hand axe "Yloidwu" (weapon) {freeze, Str+3 Dex+2}
   (You found it on level 5 of the Dungeon)

   Str+3:     It affects your strength (+3).
   Dex+2:     It affects your dexterity (+2).
 Y - a +0 double sword
Missiles
 i - 19 boomerangs
 l - 4 atropa-tipped darts
 m - 15 javelins (quivered)
 M - 2 throwing nets
Armour
 b - the +3 chain mail of Noughts and Crosses {rElec Int+5}
   (You found it on level 8 of the Dungeon)

   Int+5:     It affects your intelligence (+5).
   rElec:     It insulates you from electricity.
 e - the +6 scale mail of Somewhere Else {rC+ rN++ Int-2}
   (You acquired it on level 2 of the Dungeon)

   Int-2:     It affects your intelligence (-2).
   rC+:       It protects you from cold.
   rN++:      It greatly protects you from negative energy.
 f - the +5 ring mail of Classification (worn) {Regen+ Int+3}
   (You found it on level 7 of the Dungeon)

   Int+3:     It affects your intelligence (+3).
   Regen+:    It increases your rate of health regeneration.
 p - a +1 cloak
 s - the +2 plate armour "Sodwioneba" {Rampage Will+ Str+2}
   (You found it on level 11 of the Dungeon)

   Str+2:     It affects your strength (+2).
   Will+:     It increases your willpower.
   Rampage:   It bestows one free step when moving towards enemies.
 z - a +0 troll leather armour
 F - a scarf of resistance
 L - a +1 scale mail of poison resistance
 O - a +3 leather armour of willpower
 S - a +0 kite shield (worn)
 U - a +0 cloak
 W - +0 swamp dragon scales
Magical Staves
 o - a staff of air
Jewellery
 u - an amulet of guardian spirit (around neck)
 x - a +6 ring of strength (left hand)
 y - a ring of ice
 H - a ring of fire
Talismans
 c - a beast talisman
 R - a maw talisman
Wands
 t - a wand of flame (14)
 G - a wand of acid (30)
 K - a wand of polymorph (21)
 V - a wand of mindburst (10)
Scrolls
 d - 2 scrolls of identify
 h - a scroll of silence
 j - 2 scrolls of butterflies
 k - 5 scrolls of teleportation
 q - 2 scrolls of fear
 r - a scroll of revelation
 A - a scroll of acquirement
 D - 3 scrolls of fog
 I - a scroll of noise
 N - a scroll of vulnerability
 T - a scroll of blinking
 X - a scroll of enchant armour
Potions
 g - 2 potions of attraction
 n - 5 potions of curing
 v - a potion of might
 w - 4 potions of haste
 Z - a potion of invisibility


   Skills:
 + Level 7.9 Fighting
 + Level 7.3 Short Blades
 + Level 7.3 Long Blades
 + Level 7.3 Axes
 + Level 7.3 Maces & Flails
 + Level 7.3 Polearms
 + Level 7.3 Staves
 + Level 7.3 Ranged Weapons
 + Level 7.3 Throwing
 + Level 7.3 Armour
 + Level 8.8 Dodging
 + Level 7.3 Stealth
 + Level 7.3 Shields
 + Level 9.9 Unarmed Combat
 + Level 7.3 Spellcasting
 + Level 6.1 Conjurations
 + Level 6.1 Hexes
 + Level 6.1 Summonings
 + Level 6.1 Necromancy
 + Level 6.1 Translocations
 + Level 6.1 Fire Magic
 + Level 6.1 Ice Magic
 + Level 6.1 Air Magic
 + Level 6.1 Earth Magic
 + Level 6.1 Alchemy
 + Level 8.1 Invocations
 + Level 7.3 Evocations
 + Level 9.4 Shapeshifting


You had 12 spell levels left.
You knew the following spells:

 Your Spells              Type           Power      Damage    Failure   Level
a - Blink                 Tloc           50%        N/A       4%          2
b - Mercury Vapours       Alch/Air       50%        N/A       4%          2
c - Lesser Beckoning      Tloc           50%        N/A       4%          2
d - Sting                 Conj/Alch      100%       1d9       2%          1
e - Mephitic Cloud        Conj/Alch/Air  25%        N/A       9%          3
f - Stone Arrow           Conj/Erth      50%        3d10      9%          3

Your spell library contained the following spells:

 Spells                   Type           Power      Damage    Failure   Level
 Ensorcelled Hibernation  Hex/Ice        50%        N/A       4%          2
 Jinxbite                 Hex            50%        N/A       4%          2
 Momentum Strike          Conj/Tloc      50%        3d9       4%          2
 Passwall                 Alch/Erth      20%        N/A       4%          2
 Frozen Ramparts          Ice            50%        1d8       9%          3
 Swiftness                Air            25%        N/A       9%          3
 Animate Armour           Summ/Erth      50%        N/A       26%         4
 Animate Dead             Necr           25%        N/A       26%         4
 Brom's Barrelling Bould  Conj/Erth      25%        2d5       26%         4
 Leda's Liquefaction      Alch/Erth      12%        N/A       26%         4
 Olgreb's Toxic Radiance  Alch           25%        N/A       26%         4
 Petrify                  Alch/Erth      25%        N/A       26%         4
 Borgnjor's Vile Clutch   Necr/Erth      12%        N/A       58%         5
 Fireball                 Conj/Fire      12%        3d7       58%         5
 Freezing Cloud           Conj/Ice/Air   12%        6-21      58%         5
 Iskenderun's Battlesphe  Conj           25%        2d8       58%         5
 Metabolic Englaciation   Hex/Ice        12%        N/A       58%         5
 Yara's Violent Unravell  Hex/Alch       12%        3d7       58%         5
 Conjure Ball Lightning   Conj/Air       12%        3x3d6     99%         6
 Death Channel            Necr           12%        N/A       99%         6
 Enfeeble                 Hex            12%        N/A       100%        7
 Orb of Destruction       Conj           12%        9d7       100%        7
 Lehudib's Crystal Spear  Conj/Erth      12%        10d4      100%        8


Dungeon Overview and Level Annotations

Branches:
Dungeon (11/15)            Temple (1/1) D:4            Lair (0/5) D:9
 Bailey (visited)
    Orc: D:9-12

Altars:
Ashenzari
Cheibriados
Dithmenos
Elyvilon
Fedhas
Gozag
Hepliaklqana
Kikubaaqudgha
Makhleb
Nemelex Xobeh
Okawaru
Qazlal
Ru
Sif Muna
Trog
Uskayaw
Vehumet
Wu Jian
Xom
Yredelemnul
Zin
The Shining One

Shops:
D:5 [*[[   D:10 *

Portals:
Trove: D:11 (give 8 potions of haste)


Innate Abilities, Weirdness & Mutations

You are a hulking beast.
Your limbs bulge with bestial killing power. (Slay +4)
You have very sharp teeth.
Your uncanny sense of smell can sniff out nearby items.
Your experience applies equally to all skills.


Message History

You hear an angry buzzing noise.
You hear a shout!
You hear an angry buzzing noise.
You hear a shout!
You hear a horrible gurgling sound!
Found a ring mail.
Casting: Sting (safe; 2% risk of failure)
Confirm with . or Enter, or press ? or * to list all spells.
Aiming: Mephitic Cloud (dangerous; 9% risk of failure)
Press: ? - help, Shift-Dir - straight line, f - ettin
Aim: an ettin, wielding two +0 dire flails (chance to affect: 43%)
The ball explodes into a vile cloud!
The stinking cloud engulfs the ettin.
The ettin is engulfed in noxious fumes.
The ettin appears confused.
The ettin says, "I'm a little confused."
You lunge at the ettin.
You hit the ettin. You freeze the ettin.
The ettin is lightly wounded.
A skeletal warrior breaks down the door.
The ettin is engulfed in noxious fumes.
The ettin appears confused.
The ettin hits you with a +0 dire flail!!!
You block the ettin's attack.
There is an open door, spattered with blood here.
You hit the ettin. You freeze the ettin.
The ettin is moderately wounded.
The ettin is engulfed in noxious fumes.
The ettin appears confused.
You block the ettin's attack. The ettin barely misses you.
You hit the ettin. You freeze the ettin.
The ettin is moderately wounded.
The ettin is engulfed in noxious fumes.
The ettin closely misses you.
The ettin hits you with a +0 dire flail!!
You hit the ettin but do no damage.
The ettin is moderately wounded.
The ettin is engulfed in noxious fumes.
The ettin hits you with a +0 dire flail!
The ettin hits you with a +0 dire flail!!
* * * LOW HITPOINT WARNING * * *
The ettin hits itself with a +0 dire flail!
The ettin barely misses itself.
Casting: Mephitic Cloud (dangerous; 9% risk of failure)
Confirm with . or Enter, or press ? or * to list all spells.
You blink.
The skeletal warrior hits you from afar with a +0 halberd!
You die...

#...............
#...............
###+#########......... .
#.....##...##.........
..#.....#.....#.........
..'..8..§C[...#.........
.#..z..#.....#.........
#.....##...##.........
###....h#######.........
.......................(
.........)..............
..........∩.............
........................
.........^.............
.......................
############...########
#...#


You could see a skeletal warrior.

Vanquished Creatures
  2 vault guards (Bailey)
  Pikel (D:4)
  A deep elf pyromancer (D:9)
  2 cyclopes (D:11)
  Maurice (D:10)
  2 gargoyles (D:9)
  Maggie (D:6)
  A komodo dragon (D:10)
  A troll (D:11)
  2 hornets
  Grinder (D:5)
  Prince Ribbit (Bailey)
  Sigmund (D:6)
  5 yaks (D:10)
  A shadow (D:11)
  A wyvern (D:8)
  A wraith (D:7)
  A vampire (D:10)
  Eustachio (D:5)
  5 humans (Bailey)
  6 vampire mosquitoes
  4 fire elementals (D:9)
  A steam dragon (D:7)
  An acid dragon (D:9)
  3 water moccasins
  2 ice beasts (D:7)
  6 orc warriors
  An ogre (D:7)
  4 black bears
  5 centaurs
  2 wolves
  5 phantoms (D:7)
  A lemure (D:4)
  Blork the orc (D:6)
  11 bullfrogs
  A gnoll sergeant (D:6)
  5 scorpions
  15 wights
  2 howler monkeys
  4 centaur zombies (D:7)
  A hound (D:5)
  2 jellies
  7 orc priests
  A gnoll bouda (D:6)
  An iron imp (D:4)
  6 sleepcaps
  An iguana (D:6)
  Ijyb (D:5)
  5 scorpion zombies (D:7)
  11 orc wizards
  5 killer bee zombies (D:7)
  17 gnolls
  6 adders
  10 shadow imps
  2 white imps
  2 bombardier beetles
  2 ufetubi (D:6)
  A worm (D:2)
  4 dart slugs
  54 orcs
  10 ball pythons
  10 endoplasms
  A giant cockroach (D:2)
  11 hobgoblins
  5 jackals
  8 kobolds
  8 bats
  6 frilled lizards
  14 goblins
  7 rats
331 creatures vanquished.

Vanquished Creatures (others)
  A steam dragon (D:9)
  An ice beast (D:7)
  A hound (D:7)
  An orc wizard (D:7)
  4 gnolls (D:7)
  3 orcs (D:7)
11 creatures vanquished.

Grand Total: 342 creatures vanquished

Notes
Turn   | Place    | Note
-------+----------+-------------------------------------------
     0 | D:1      | jlumianski the Gnoll Shapeshifter began the quest for the
                  | Orb.
     0 | D:1      | Reached XP level 1. HP: 17/17 MP: 1/1
   207 | D:1      | Reached XP level 2. HP: 23/23 MP: 2/2
   488 | D:1      | Reached XP level 3. HP: 28/28 MP: 3/3
   905 | D:1      | Reached skill level 1 in Invocations
  1043 | D:2      | Reached skill level 1 in Short Blades
  1043 | D:2      | Reached skill level 1 in Long Blades
  1043 | D:2      | Reached skill level 1 in Axes
  1043 | D:2      | Reached skill level 1 in Maces & Flails
  1043 | D:2      | Reached skill level 1 in Polearms
  1043 | D:2      | Reached skill level 1 in Staves
  1043 | D:2      | Reached skill level 1 in Ranged Weapons
  1043 | D:2      | Reached skill level 1 in Throwing
  1043 | D:2      | Reached skill level 1 in Armour
  1043 | D:2      | Reached skill level 1 in Stealth
  1043 | D:2      | Reached skill level 1 in Shields
  1043 | D:2      | Reached skill level 1 in Spellcasting
  1043 | D:2      | Reached skill level 1 in Evocations
  1154 | D:2      | Reached XP level 4. HP: 34/34 MP: 5/5
  1526 | D:2      | Reached skill level 1 in Conjurations
  1526 | D:2      | Reached skill level 1 in Hexes
  1526 | D:2      | Reached skill level 1 in Summonings
  1526 | D:2      | Reached skill level 1 in Necromancy
  1526 | D:2      | Reached skill level 1 in Translocations
  1526 | D:2      | Reached skill level 1 in Fire Magic
  1526 | D:2      | Reached skill level 1 in Ice Magic
  1526 | D:2      | Reached skill level 1 in Air Magic
  1526 | D:2      | Reached skill level 1 in Earth Magic
  1526 | D:2      | Reached skill level 1 in Alchemy
  1637 | D:2      | Identified a scroll of acquirement
  1638 | D:2      | Acquired the +6 scale mail of Somewhere Else {rC+ rN++
                  | Int-2}
  1710 | D:3      | Found a faded altar of an unknown god.
  2030 | D:3      | Reached XP level 5. HP: 40/40 MP: 7/7
  2290 | D:5      | Entered Level 5 of the Dungeon
  2534 | D:4      | Found a blossoming altar of Fedhas.
  2586 | D:4      | Found a staircase to the Ecumenical Temple.
  2594 | Temple   | Entered the Ecumenical Temple
  2767 | D:4      | Found a glowing golden altar of the Shining One.
  2769 | D:4      | Found a sparkling altar of Nemelex Xobeh.
  2793 | D:4      | Noticed a lemure
  2823 | D:4      | Killed a lemure
  2938 | D:4      | Noticed a lemure
  2942 | D:4      | Noticed a lemure
  2943 | D:4      | Noticed Pikel
  2948 | D:4      | Noticed a lemure
  2966 | D:4      | Killed Pikel
  2967 | D:4      | Reached skill level 5 in Dodging
  2967 | D:4      | Reached XP level 6. HP: 12/48 MP: 2/9
  2967 | D:4      | Reached XP level 7. HP: 14/53 MP: 2/10
  3149 | D:4      | Found a hide-covered altar of Uskayaw.
  3483 | D:4      | Found a snail-covered altar of Cheibriados.
  3575 | D:5      | Found an iron altar of Okawaru.
  3575 | D:5      | Noticed Eustachio
  3611 | D:5      | Killed Eustachio
  3612 | D:5      | Reached XP level 8. HP: 50/60 MP: 10/12
  3628 | D:5      | Found Qeixzi's Armour Boutique.
  3633 | D:5      | Found Plog's Assorted Antiques.
  3647 | D:5      | Found Liarax's Armour Boutique.
  3647 | D:5      | Found Duocseom's Antique Armour Boutique.
  3656 | D:5      | Bought a scroll of identify for 42 gold pieces
  3831 | D:6      | Identified the +3 spear of Histirae {heavy, Dex+3}
  3944 | D:5      | Found a shadowy altar of Dithmenos.
  4184 | D:5      | Noticed Ijyb
  4204 | D:5      | Killed Ijyb
  4221 | D:5      | Identified the +7 hand axe "Yloidwu" {freeze, Str+3 Dex+2}
  4395 | D:5      | Noticed Grinder
  4410 | D:5      | Killed Grinder
  4411 | D:5      | Reached XP level 9. HP: 66/66 MP: 14/14
  4909 | D:6      | Noticed Sigmund
  4917 | D:6      | Killed Sigmund
  4949 | D:6      | Reached skill level 5 in Fighting
  5095 | D:6      | You fall into a shaft and drop 1 floor!
  5202 | D:7      | Reached skill level 5 in Invocations
  5237 | D:7      | HP: 3/68 [steam dragon/ball of steam (12)]
  5616 | D:6      | Found a broken altar of Ashenzari.
  5765 | D:6      | Noticed Blork the orc
  5868 | D:6      | Killed Blork the orc
  5909 | D:6      | Noticed Maggie
  5924 | D:6      | Killed Maggie
  5925 | D:6      | Reached skill level 5 in Short Blades
  5925 | D:6      | Reached skill level 5 in Long Blades
  5925 | D:6      | Reached skill level 5 in Axes
  5925 | D:6      | Reached skill level 5 in Maces & Flails
  5925 | D:6      | Reached skill level 5 in Polearms
  5925 | D:6      | Reached skill level 5 in Staves
  5925 | D:6      | Reached skill level 5 in Ranged Weapons
  5925 | D:6      | Reached skill level 5 in Throwing
  5925 | D:6      | Reached skill level 5 in Armour
  5925 | D:6      | Reached skill level 5 in Stealth
  5925 | D:6      | Reached skill level 5 in Shields
  5925 | D:6      | Reached skill level 5 in Spellcasting
  5925 | D:6      | Reached skill level 5 in Evocations
  5925 | D:6      | Reached XP level 10. HP: 45/76 MP: 9/17
  5943 | D:6      | Learned a level 2 spell: Blink
  6558 | D:8      | Found a flagged portal.
  6581 | Bailey   | Entered a bailey
  6755 | Bailey   | Noticed Prince Ribbit
  6771 | Bailey   | Killed Prince Ribbit
  6913 | Bailey   | Noticed a vault guard
  6933 | Bailey   | Noticed a vault guard
  7086 | Bailey   | Killed a vault guard
  7299 | Bailey   | Killed a vault guard
  7422 | D:8      | Found a hazy altar of Hepliaklqana.
  7445 | D:8      | Reached skill level 5 in Conjurations
  7445 | D:8      | Reached skill level 5 in Hexes
  7445 | D:8      | Reached skill level 5 in Summonings
  7445 | D:8      | Reached skill level 5 in Necromancy
  7445 | D:8      | Reached skill level 5 in Translocations
  7445 | D:8      | Reached skill level 5 in Fire Magic
  7445 | D:8      | Reached skill level 5 in Ice Magic
  7445 | D:8      | Reached skill level 5 in Air Magic
  7445 | D:8      | Reached skill level 5 in Earth Magic
  7445 | D:8      | Reached skill level 5 in Alchemy
  7447 | D:8      | Reached XP level 11. HP: 82/83 MP: 20/20
  7520 | D:8      | Found an ancient bone altar of Kikubaaqudgha.
  7623 | D:7      | Identified the +5 ring mail of Classification {Regen+
                  | Int+3}
  7644 | D:7      | Learned a level 2 spell: Mercury Vapours
  7647 | D:7      | Learned a level 2 spell: Lesser Beckoning
  8070 | D:7      | Learned a level 1 spell: Sting
  8451 | D:7      | Identified the +3 rapier of Floods {antimagic, rC- Dex+7}
  9127 | D:8      | Identified the +3 chain mail of Noughts and Crosses {rElec
                  | Int+5}
  9441 | D:9      | Paralysed by a hornet for 1 turns
  9496 | D:9      | Found a staircase to the Lair.
  9503 | D:9      | Paralysed by a hornet for 2 turns
  9510 | D:9      | Paralysed by a hornet for 2 turns
  9733 | D:9      | Noticed a deep elf pyromancer
  9749 | D:9      | Killed a deep elf pyromancer
 10093 | D:9      | Found a white marble altar of Elyvilon.
 10122 | D:10     | Entered Level 10 of the Dungeon
 10131 | D:10     | Found an opulent altar of Gozag.
 10131 | D:10     | Found Gozag's Platinum Reserve.
 10221 | D:10     | Found a stormy altar of Qazlal.
 10475 | D:9      | Learned a level 3 spell: Mephitic Cloud
 10479 | D:9      | Learned a level 3 spell: Stone Arrow
 10717 | D:10     | Reached XP level 12. HP: 87/91 MP: 17/22
 11158 | D:10     | Found an ornate altar of the Wu Jian Council.
 11166 | D:10     | Became a worshipper of the Wu Jian Council
 11269 | D:10     | Noticed Maurice
 11294 | D:10     | Something stole the +3 spear of Histirae {heavy, Dex+3}
 11296 | D:10     | Something stole 15 javelins
 11299 | D:10     | Something stole a ring of ice
 11301 | D:10     | Something stole a maw talisman
 11302 | D:10     | Something stole 645 gold
 11303 | D:10     | Something stole 89 gold
 11310 | D:10     | Killed Maurice
 11828 | D:11     | Identified the +2 plate armour "Sodwioneba" {Rampage Will+
                  | Str+2}
 11962 | D:11     | Found a portal to a secret trove of treasure.
 11997 | D:11     | Noticed an ettin
 12004 | D:11     | Slain by a skeletal warrior

Illustrated notes

Levels and vault maps discovered:
D:1:      shiori_arrival_maze, layout_loops_ring
D:2:      minmay_chambers_of_twos, layout_rooms
D:3:      layout_rooms, hellmonk_ecumenical_altar_leap_of_faith,
          ebering_dispersal_statue_hall
D:4:      layout_basic, fedhas_altar_2, slow_altar_2,
          mainiacjoe_overflow_alcove_1, minitemple,
          minmay_temple_entry_nine_rooms, serial_bayou_lake_a, uniq_pikel
D:5:      layout_basic, mainiacjoe_overflow_24_doors, okawaru_metal_pillars_1_2,
          minmay_shop_grid_forest, uniq_ijyb, uniq_eustachio, uniq_grinder
D:6:      layout_loops_corners, lemuel_doored_altar,
          corexii_item_surrounded_by_moat, uniq_sigmund, uniq_blork_the_orc,
          uniq_maggie
D:7:      bobbens_index_wilting_gardens, layout_rooms, lemuel_flamethrower_2
D:8:      layout_loops_corners, nicolae_kikubaaqudgha_miasma_corner,
          nicolae_hepliaklqana_hazy_memory, lightli_bailey_entry_fortress
D:9:      layout_rooms, elyvilon_altar_1, erik_lair_orcish_takeover,
          dilly_guarded_unrand_elemental_staff
D:10:     layout_roguey, nicolae_qazlal_general_emergency,
          nicolae_gozag_zags_fifth_avenue, pdpol_wu_jian_five_deadly_venoms,
          hive_lemuel, uniq_maurice
D:11:     layout_long_grid, nicolae_trove_entry_free_sample, minmay_three_doors
Temple:   nicolae_temple_superstar

Skill      XL: |  1  2  3  4  5  6  7  8  9 10 11 12 |
---------------+-------------------------------------+-----
Invocations    | 1 2 3 4 5 6 7 8 |  8.1
Short Blades   | 1 2 3 5 6 7 |  7.3
Long Blades    | 1 2 3 5 6 7 |  7.3
Axes           | 1 2 3 5 6 7 |  7.3
Maces & Flails | 1 2 3 5 6 7 |  7.3
Polearms       | 1 2 3 5 6 7 |  7.3
Staves         | 1 2 3 5 6 7 |  7.3
Ranged Weapons | 1 2 3 5 6 7 |  7.3
Throwing       | 1 2 3 5 6 7 |  7.3
Armour         | 1 2 3 5 6 7 |  7.3
Stealth        | 1 2 3 5 6 7 |  7.3
Shields        | 1 2 3 5 6 7 |  7.3
Spellcasting   | 1 2 3 5 6 7 |  7.3
Evocations     | 1 2 3 5 6 7 |  7.3
Conjurations   | 1 2 3 4 5 6 |  6.1
Hexes          | 1 2 3 4 5 6 |  6.1
Summonings     | 1 2 3 4 5 6 |  6.1
Necromancy     | 1 2 3 4 5 6 |  6.1
Translocations | 1 2 3 4 5 6 |  6.1
Fire Magic     | 1 2 3 4 5 6 |  6.1
Ice Magic      | 1 2 3 4 5 6 |  6.1
Air Magic      | 1 2 3 4 5 6 |  6.1
Earth Magic    | 1 2 3 4 5 6 |  6.1
Alchemy        | 1 2 3 4 5 6 |  6.1
Fighting       | 3 4 5 6 7 |  7.9
Dodging        | 5 6 7 8 |  8.8
Unarmed Combat | 7 8 9 |  9.9
Shapeshifting  | 7 8 9 |  9.4

Action                     |  1- 3 |  4- 6 |  7- 9 | 10-12 || total
---------------------------+-------+-------+-------+-------++-------
  Melee: Unarmed           |    72 |   120 |   119 |       ||   311
         Bite              |     5 |    10 |    25 |    65 ||   105
         Punch             |     1 |     2 |     8 |       ||    11
         Hand axe          |       |       |   108 |   534 ||   642
  Throw: Javelin           |       |       |    16 |     7 ||    23
   Cast: Sting             |       |       |       |     5 ||     5
         Mercury Vapours   |       |       |       |     4 ||     4
         Mephitic Cloud    |       |       |       |     3 ||     3
         Blink             |       |       |       |     3 ||     3
Ability: Lunge             |       |       |       |     5 ||     5
  Evoke: Wand              |       |       |       |     7 ||     7
    Use: Scroll            |     2 |     8 |     7 |     6 ||    23
         Potion            |     2 |     1 |     1 |     3 ||     7
   Stab: Sleeping          |     1 |       |     1 |     6 ||     8
         Confused          |       |       |       |     3 ||     3
 Armour: Leather armour    |    33 |       |       |       ||    33
         Chain mail        |    13 |    34 |       |       ||    47
         Scale mail        |       |    68 |   158 |       ||   226
         Skin              |       |    10 |       |       ||    10
         Swamp dragon scal |       |       |       |    64 ||    64
         Ring mail         |       |       |       |   309 ||   309
  Dodge: Dodged            |    52 |    68 |   121 |   253 ||   494
  Block: Kite shield       |       |       |    47 |   283 ||   330

Table legend: (Time is in decaauts)
 A = Elapsed time spent in this place.
 B = Non-inter-level travel time spent in this place.
 C = Inter-level travel time spent in this place.
 D = Time resting spent in this place.
 E = Time spent auto-exploring this place.
 F = Levels seen in this place.
 G = Mean time per level.
                   A        B        C        D        E       F      G
               +--------+--------+--------+--------+--------+-----+--------+
         Total |  12112 |  11854 |    258 |   1692 |   4748 |  13 |  931.7 |
       Dungeon |  11226 |  10968 |    258 |   1270 |   4716 |  11 | 1020.5 |
        Temple |     81 |     81 |      0 |      0 |      0 |   1 |   81.0 |
        Bailey |    804 |    804 |      0 |    422 |     32 |   1 |  804.0 |
               +--------+--------+--------+--------+--------+-----+--------+

Top non-repeatable levels by time:
     D:6: 1407 daAuts
     D:7: 1391 daAuts
     D:5: 1252 daAuts
     D:8: 1207 daAuts
     D:4: 1200 daAuts
     D:9: 1142 daAuts
    D:10: 1080 daAuts
     D:1: 844 daAuts
  Bailey: 804 daAuts
     D:2: 738 daAuts
     D:3: 650 daAuts
    D:11: 311 daAuts
  Temple: 81 daAuts
